 Dungeon Crawl Stone Soup version 0.28-a0-834-g1a73be5ee4 (webtiles) character file.

Game seed: 5824849275091083644

212 Ijustatesigmund the Skirmisher (level 5, -4/52 HPs)
             Began as a Gargoyle Fighter on Nov 11, 2021.
             Killed from afar by Eustachio (8 damage)
             ... with a puff of flame
             ... on level 4 of the Dungeon.
             The game lasted 00:06:39 (3897 turns).

Ijustatesigmund the Skirmisher (Gargoyle Fighter)   Turns: 3897, Time: 00:06:39

Health: -4/52      AC: 22    Str: 20    XL:     5   Next: 89%
Magic:  5/5        EV:  2    Int:  9    God:
Gold:   66         SH:  4    Dex:  9    Spells: 1/4 levels left

rFire   . . .      SeeInvis .   k - +3 whip (holy)
rCold   . . .      Faith    .   c - +0 buckler
rNeg    + . .      Spirit   .   (armour currently unavailable)
rPois   ∞          Reflect  .   (helmet currently unavailable)
rElec   .          Harm     .   (cloak currently unavailable)
rCorr   .          Rampage  .   (gloves currently unavailable)
Will    .....      NoTele   +   (boots currently unavailable)
Stlth   +.........              (no amulet)
HPRegen 0.17/turn               (no ring)
MPRegen 0.09/turn               (no ring)

@: mighty, tree-form, attractive
A: stationary, stasis, torment immunity, boosted hp, sickness immunity, AC +4,
negative energy resistance 1, (electricity resistance), torment resistance 1,
petrification resistance
a: no special abilities


You were on level 4 of the Dungeon.
You were a tree.
You visited 1 branch of the dungeon, and saw 4 of its levels.

You collected 94 gold pieces.
You spent 28 gold pieces at shops.

Inventory:

Hand Weapons
 a - a +0 flail
 k - a +3 whip of holy wrath (weapon)
Armour
 b - a +0 chain mail (melded)
 c - a +0 buckler (worn)
Wands
 i - a wand of iceblast (10)
Scrolls
 e - a scroll of magic mapping
 h - a scroll of immolation
Potions
 j - a potion of brilliance
 l - a potion of mutation
 m - a potion of invisibility


   Skills:
 + Level 5.1 Fighting
 + Level 4.1 Maces & Flails
 + Level 3.4 Armour
 + Level 3.4 Shields
 - Level 1.0 Conjurations
 - Level 1.0 Earth Magic


You had one spell level left.
You knew the following spells:

 Your Spells              Type           Power      Damage    Failure   Level
a - Stone Arrow           Conj/Erth      2%         3d7       65%         3

Your spell library contained the following spells:

 Spells                   Type           Power      Damage    Failure   Level
 Sandblast                Erth           2%         2d4       28%         1
 Passwall                 Tmut/Erth      0%         N/A       47%         2
 Inner Flame              Hex/Fire       0%         N/A       78%         3
 Cause Fear               Hex            0%         N/A       99%         4
 Discord                  Hex            0%         N/A       100%        8


Dungeon Overview and Level Annotations

Branches:
Dungeon (4/15)
 Temple: D:4-7

Altars:

Shops:
D:2 ?

Annotations:
D:3 2 transporters, 1994's ghost, amateur OpAE
D:4 Eustachio


Innate Abilities, Weirdness & Mutations

You are a tree.
Your roots penetrate the ground, keeping you stationary.
You cannot be teleported.
You are immune to unholy pain and torment.
Your maximum health is greatly increased.
Your equipment is partially melded.
You are immune to sickness and miasma.
((Your stone body is resilient. (AC +4)))
You are immune to poison.
You resist negative energy. (rN+)
((You are resistant to electric shocks. (rElec)))
You are resistant to unholy torment.
You are immune to petrification.


Message History

You closely miss Eustachio.
Eustachio is heavily wounded.
Eustachio zaps a wand.
The puff of flame hits you!
* * * LOW HITPOINT WARNING * * *
The bat hits you but does no damage.
You are too injured to fight recklessly!
You feel very mighty all of a sudden. The bat barely misses you.
The bat hits you but does no damage.
Eustachio zaps a wand.
The puff of flame hits you!
* * * LOW HITPOINT WARNING * * *
The quokka bites you but does no damage.
You whack Eustachio!
Eustachio is almost dead.
You block the bat's attack. You block Eustachio's attack.
The quokka bites you but does no damage.
The bat hits you but does no damage.
It was a potion of attraction.
You feel attractive to monsters. The bat hits you but does no damage.
Eustachio closely misses you.
The quokka bites you but does no damage.
The bat is attracted toward you.
Really quaff the potion of lignification?
You turn into a tree.
Your +0 chain mail melds into your body.
Your roots penetrate the ground.
The bat hits you but does no damage. You block the quokka's attack.
Eustachio mumbles some strange words.
Eustachio blinks!
The bat is attracted toward you. Eustachio is attracted toward you.
You closely miss the bat. The bat hits you but does no damage. x2
The quokka bites you but does no damage.
Eustachio yells, "Perjured traitor, DIE!"
Eustachio casts a spell.
Eustachio is attracted toward you.
You barely miss Eustachio.
Eustachio is almost dead.
The bat hits you but does no damage. The quokka bites you.
* * * LOW HITPOINT WARNING * * *
Eustachio zaps a wand.
The puff of flame hits you!
You die...

................ .#.#.
................ .....
............... ...#.##+#
#............ ..##.##.#
#..........#
..<#.#..###..........#
..........#...r..r...#
..........#§.)§@♣§...#
..#.......#...b......#
..........#......[...#
..........######.§..##
...#.....#######....####.
...#..................$..
...#.÷...................
...###'#.................
...# #.#########.........


You could see Eustachio, a river rat (summoned), a quokka (summoned) and a bat
(summoned).

Vanquished Creatures
  A hound (D:2)
  An iguana (D:4)
  An adder (D:2)
  5 gnolls
  A worm (D:3)
  A dart slug (D:3)
  2 orcs (D:3)
  4 endoplasms
  4 giant cockroaches
  10 goblins
  8 hobgoblins
  14 jackals
  9 kobolds
  6 quokkas
  10 ball pythons
  2 bats
  3 frilled lizards
  2 rats (D:1)
84 creatures vanquished.

Vanquished Creatures (others)
  A kobold (D:3)
1 creature vanquished.

Grand Total: 85 creatures vanquished

Notes
Turn   | Place    | Note
-------+----------+-------------------------------------------
     0 | D:1      | Ijustatesigmund the Gargoyle Fighter began the quest for
                  | the Orb.
     0 | D:1      | Reached XP level 1. HP: 14/14 MP: 1/1
   360 | D:1      | Reached XP level 2. HP: 19/20 MP: 2/2
   517 | D:1      | Reached XP level 3. HP: 24/24 MP: 3/3
   567 | D:1      | Reached skill level 4 in Fighting
   874 | D:1      | Found a faded altar of an unknown god.
  1211 | D:2      | Reached XP level 4. HP: 23/30 MP: 4/4
  1429 | D:2      | Found Poegra's Magic Scroll Shop.
  1435 | D:2      | Bought a scroll of identify for 28 gold pieces
  1761 | D:2      | Reached XP level 5. HP: 28/34 MP: 5/5
  1765 | D:2      | Learned a level 3 spell: Stone Arrow
  2035 | D:3      | Noticed 1994's ghost (amateur OpAE)
  2044 | D:3      | Found a transporter.
  2073 | D:3      | Found a transporter.
  2413 | D:3      | HP: 1/34 [gnoll (6)]
  2814 | D:3      | Reached skill level 5 in Fighting
  3015 | D:3      | Reached skill level 1 in Conjurations
  3015 | D:3      | Reached skill level 1 in Earth Magic
  3878 | D:4      | Noticed Eustachio
  3897 | D:4      | Killed from afar by Eustachio

Illustrated notes

Levels and vault maps discovered:
D:1:      nzn_arrival_settlement, layout_basic,
          ebering_ecumenical_altar_abandoned, grunt_decor_junction,
          kennysheep_nondescript, minmay_box_of_dots
D:2:      layout_loops_ring, serial_shops, nicolae_shop_trees,
          minmay_misc_feat_tiny
D:3:      layout_basic, gammafunk_ghost_stat_death
D:4:      layout_basic, minmay_cut_off, uniq_blork_the_orc, uniq_eustachio

Skill      XL: |  1  2  3  4  5 |
---------------+----------------+-----
Fighting       | 4 5 |  5.1
Maces & Flails | 3 4 |  4.1
Conjurations   | 1 |  1.0
Earth Magic    | 1 |  1.0
Armour         | |  3.4
Shields        | |  3.4

Action                   |  1- 3 |  4- 6 || total
-------------------------+-------+-------++-------
Melee: Flail             |    77 |       ||    77
       Whip              |    24 |   193 ||   217
  Use: Scroll            |       |     9 ||     9
       Potion            |       |     5 ||     5
Armor: Scale mail        |    16 |       ||    16
       Chain mail        |    52 |   126 ||   178
       Skin              |       |     5 ||     5
Dodge: Dodged            |    35 |    85 ||   120
Block: Buckler           |    22 |    32 ||    54

Table legend: (Time is in decaauts)
 A = Elapsed time spent in this place.
 B = Non-inter-level travel time spent in this place.
 C = Inter-level travel time spent in this place.
 D = Time resting spent in this place.
 E = Time spent auto-exploring this place.
 F = Levels seen in this place.
 G = Mean time per level.
                   A        B        C        D        E       F      G
               +--------+--------+--------+--------+--------+-----+--------+
         Total |   3904 |   3822 |     82 |   1129 |   2013 |   4 |  976.0 |
       Dungeon |   3904 |   3822 |     82 |   1129 |   2013 |   4 |  976.0 |
               +--------+--------+--------+--------+--------+-----+--------+

Top non-repeatable levels by time:
     D:3: 1232 daAuts
     D:2: 1163 daAuts
     D:1: 1160 daAuts
     D:4: 347 daAuts
